 Dungeon Crawl Stone Soup version 0.13.1-19-g4b9377e (webtiles) character file.

281 Kae the Sneak (level 4, -4/21 HPs)
             Began as a Spriggan Enchanter on Dec 21, 2013.
             Slain by a gnoll
             ... wielding a +0,+0 halberd
              (16 damage)
             ... on Level 2 of the Dungeon.
             The game lasted 00:02:49 (2324 turns).

Kae the Sneak (Spriggan Enchanter)                  Turns: 2324, Time: 00:02:49

HP  -4/21        AC  3     Str  5      XL: 4   Next: 56%
MP   6/12        EV 18     Int 16      God:
Gold 174         SH  0     Dex 16      Spells:  2 memorised,  5 levels left

Res.Fire  : . . .   See Invis. : +   a - +1 dagger {=f}
Res.Cold  : . . .   Warding    : .   b - +1 robe
Life Prot.: . . .   Conserve   : .   (shield restricted)
Res.Poison: .       Res.Corr.  : .   (helmet restricted)
Res.Elec. : .       Clarity    : .   (no cloak)
Sust.Abil.: . .     Spirit.Shd : .   (gloves unavailable)
Res.Mut.  : .       Stasis     : .   (boots unavailable)
Res.Rott. : .       Flight     : .   (no amulet)
Saprovore : . . .                    (no ring)
                                     (no ring)

@: very quick, slightly resistant to hostile enchantments, quite stealthy
A: unfitting armour, see invisible, herbivore 3, speed 3, slow metabolism 2
a: no special abilities


You were on level 2 of the Dungeon.
You were hungry.

You visited 1 branch of the dungeon, and saw 2 of its levels.

You collected 154 gold pieces.

Inventory:

Hand weapons
 a - a +1,+1 dagger (weapon) {=f}
Missiles
 d - 12 darts (quivered)
Armour
 b - a +1 robe (worn)
Comestibles
 k - a choko
 m - a pear
Scrolls
 f - a scroll of curse jewellery {unknown}
 h - a scroll of fear {unknown}
 i - a scroll of enchant armour {unknown}
 j - 4 scrolls of identify {unknown}
 l - 3 scrolls of remove curse {unknown}
 n - a scroll of recharging {unknown}
 o - a scroll of curse armour {unknown}
Jewellery
 g - an uncursed ring of protection from cold {unknown}
Potions
 e - a potion of porridge
 p - a potion of flight {unknown}
Books
 c - a book of Maledictions

   Spells                             Type                      Level
   *Corona                            Hexes                        1
   Sure Blade                         Hexes/Charms                 2
   *Ensorcelled Hibernation           Hexes/Ice                    2
   Confuse                            Hexes                        3
   Enslavement                        Hexes                        4
   Invisibility                       Hexes                        6


   Skills:
 * Level 2.7 Short Blades
 - Level 1.1 Throwing
 - Level 3.0 Dodging
 * Level 4.9 Stealth
 + Level 2.6 Spellcasting
 + Level 4.3 Hexes


You had 5 spell levels left.
You knew the following spells:

 Your Spells              Type           Power        Failure   Level  Hunger
a - Corona                Hex            ###....      4%          1    #......
b - Ensorcelled Hibernat  Hex/Ice        #.....       14%         2    ##.....


Dungeon Overview and Level Annotations

Branches:
Dungeon (2/27)

Altars:


Innate Abilities, Weirdness & Mutations

You are tiny and cannot use many weapons and most armour.
You have supernaturally acute eyesight.
You are a herbivore.
You cover ground extremely quickly.
You need consume almost no food.


Message History

Aiming: Ensorcelled Hibernation
Press: ? - help, Shift-Dir - straight line, f - gnoll
Aim: a gnoll (moderately wounded)
The gnoll easily resists.
The gnoll hits you.
The gnoll throws an orcish club.
The orcish club misses you.
You hit the gnoll.
The gnoll is severely wounded.
The gnoll hits you!
Casting: Ensorcelled Hibernation
Confirm with . or Enter, or press ? or * to list all spells.
Aiming: Ensorcelled Hibernation
Press: ? - help, Shift-Dir - straight line, f/p - gnoll
Aim: a gnoll (severely wounded)
The gnoll looks drowsy...
The gnoll barely misses you.
The helpless gnoll fails to defend itself.
You slice the gnoll!!
You kill the gnoll!
The gnoll hits you with a halberd!
Ouch! That really hurt!
You die...

# ###.#########.# #............
###.............# #....##......
......#########.# #....########
#####.####### ..# ##'#.# #..
#####.#.....# #.# #.#.# #..
......#.....# #.# #.#.# #..
#####.#.....# #.# ####.#.######..
# #.#.....###g###.............. #
#.>.........@................
#####............))..............
#..........####.##..#..##########
#.###..###%# #.##.....#####.####
#.####.###.####..................
#............##..##.########.#...
#.####.###.#.##..##.########.#.##
#.####.###.#.##..##.#............
...............................##


You could see a gnoll.

Vanquished Creatures
  2 adders (D:2)
  3 gnolls
  A worm (D:2)
  A giant gecko (D:1)
  2 oozes (D:2)
  3 ball pythons
  5 giant cockroaches
  6 goblins
  3 hobgoblins (D:1)
  3 bats (D:2)
  A giant newt (D:1)
  13 kobolds
  A quokka (D:2)
  8 rats
52 creatures vanquished.

Vanquished Creatures (others)
  2 plants (D:1)
2 creatures vanquished.

Grand Total: 54 creatures vanquished

Notes
Turn   | Place    | Note
--------------------------------------------------------------
     0 | D:1      | Kae, the Spriggan Enchanter, began the quest for the Orb.
     0 | D:1      | Reached XP level 1. HP: 9/9 MP: 4/4
   110 | D:1      | Reached XP level 2. HP: 4/13 MP: 3/6
   239 | D:1      | Learned a level 2 spell: Ensorcelled Hibernation
   564 | D:1      | Reached skill level 4 in Stealth
   564 | D:1      | Reached XP level 3. HP: 2/16 MP: 0/9
  1764 | D:2      | Reached XP level 4. HP: 18/21 MP: 12/12
  2324 | D:2      | Slain by a gnoll

Action                   |  1- 3 |  4- 6 || total
-------------------------+-------+-------++-------
Melee: Dagger            |   159 |    34 ||   193
 Cast: Corona            |     2 |       ||     2
       Ensorcelled Hiber |    12 |     8 ||    20
 Stab: Sleeping          |    19 |     7 ||    26
